 Dungeon Crawl Stone Soup version 0.31-a0-229-g1fc7ce93e2 (webtiles) character file.

Game seed: 15433129489596694239

77 qw the Shooter (level 4, 0/26 HPs)
             Began as a Gargoyle Hexslinger on July 6, 2023.
             Slain by Terence
             ... wielding a +0 hand axe
              (7 damage)
             ... on level 2 of the Dungeon.
             The game lasted 00:00:46 (1212 turns).

qw the Shooter (Gargoyle Hexslinger)                Turns: 1212, Time: 00:00:47

Health: 0/26       AC:  0    Str: 11    XL:     4   Next: 33%
Magic:  5/5        EV: 19    Int: 14    God:
Gold:   100        SH:  0    Dex: 19    Spells: 4/5 levels left

rFire   . . .        Y - melded +1 sling (freeze)
rCold   . . .        (shield currently unavailable)
rNeg    + . .        k - melded +0 leather armour of Crawling {rF+}
rPois   inf          (helmet currently unavailable)
rElec   .            (cloak currently unavailable)
rCorr   .            (gloves currently unavailable)
SInv    .            (boots currently unavailable)
Will    .....        (no amulet)
Stlth   ++           e - melded +4 ring of protection
HPRegen 0.24/turn    (ring currently unavailable)
MPRegen 0.09/turn

%: no passive effects
@: bat-form, flying, very quick
A: fast, flying, no casting, sickness immunity, AC +3, tiny, negative energy
resistance 1, (electricity resistance), torment resistance 1, petrification
resistance
a: no special abilities


You were on level 2 of the Dungeon.
You were a bat.
You visited 1 branch of the dungeon, and saw 3 of its levels.

You collected 100 gold pieces.


Innate Abilities, Weirdness & Mutations

You are a bat.
You are tiny and dextrous.
You move quickly.
You are flying.
Your equipment is almost entirely melded.
You are incapable of wielding weapons or throwing items.
You cannot cast spells.
You are immune to sickness and miasma.
((Your stone body is resilient. (AC +3)))
You are immune to poison.
You resist negative energy. (rN+)
((You are resistant to electric shocks. (rElec)))
You are resistant to unholy torment.
You are immune to petrification.


   Skills:
 - Level 2.0 Fighting
 + Level 4.1 Ranged Weapons
 - Level 1.5 Dodging
 - Level 1.0 Spellcasting
 - Level 2.6 Hexes


You had 4 spell levels left.
You knew the following spells:

 Your Spells              Type           Power      Damage    Failure   Level
a - Slow                  Hex            32%        N/A       9%          1

Your spell library contained the following spells:

 Spells                   Type           Power      Damage    Failure   Level
 Inner Flame              Hex/Fire       4%         N/A       41%         3
 Portal Projectile        Hex/Tloc       8%         N/A       41%         3
 Cause Fear               Hex            4%         N/A       65%         4

Inventory:

Hand Weapons
 Y - a +1 sling of freezing (melded)
Armour
 c - a +0 ring mail
 k - the +0 leather armour of Crawling (melded) {rF+}
   (You found it on level 2 of the Dungeon)

   rF:        It protects you from fire.
Jewellery
 e - a +4 ring of protection (melded)
Scrolls
 h - a scroll of identify
Potions
 a - a potion of attraction {unknown}
 b - a potion of curing {unknown}
 d - a potion of degeneration {unknown}
 i - a potion of mutation {unknown}
 j - a potion of haste {unknown}

Dungeon Overview and Level Annotations

Branches:
Dungeon (3/15)

Altars:
Nemelex Xobeh

Annotations:
D:2 Terence


Message History

You hit Terence but do no damage.
Terence is heavily wounded.
Terence misses you.
You completely miss Terence.
Terence is heavily wounded.
Terence barely misses you.
You hit Terence but do no damage.
Terence is heavily wounded.
Terence hits you with a +0 hand axe!
You barely miss Terence.
Terence is heavily wounded.
Terence barely misses you.
You hit Terence.
Terence is heavily wounded.
Terence shouts, "Now you die!" Terence barely misses you.
You hit Terence but do no damage.
Terence is heavily wounded.
Terence closely misses you.
You hit Terence but do no damage.
Terence is heavily wounded.
Terence completely misses you.
You hit Terence.
Terence is severely wounded.
Terence closely misses you.
You hit Terence but do no damage.
Terence is severely wounded.
Terence barely misses you.
You hit Terence.
Terence is severely wounded.
Terence completely misses you.
You hit Terence but do no damage.
Terence is severely wounded.
You hit Terence but do no damage.
Terence is severely wounded.
Terence closely misses you.
You hit Terence but do no damage.
Terence is severely wounded.
Terence hits you with a +0 hand axe!
You die...

###.##.#.## #.# ###..###......
#......#.#######.###.............
............%........##.###......
..._......######.######..##......
#.....###......#.#######.........
#.....# ######............#.#####
....### ###.########......##
..#...# #@# #####.... ..###.###
#b# #...# ..# #...##### #.# #####
..#####.....# #.# ....# #####.#
#.# ....# #.####.# ....# #....#.#
....# ####...# ##### ##..# ##.#


You could see Terence.

Vanquished Creatures
  2 adders (D:2)
  A worm (D:3)
  2 dart slugs
  An orc (D:3)
  5 ball pythons
  An endoplasm (D:2)
  2 giant cockroaches
  4 goblins
  6 hobgoblins
  3 jackals (D:3)
  2 quokkas (D:1)
  5 bats
  2 frilled lizards
  4 kobolds (D:1)
  8 rats
48 creatures vanquished.

Notes
Turn   | Place    | Note
-------+----------+-------------------------------------------
     0 | D:1      | qw the Gargoyle Hexslinger began the quest for the Orb.
     0 | D:1      | Reached XP level 1. HP: 12/12 MP: 2/2
     0 | D:1      | 0 ||| qw: Version: 0.3-a-46-gb1f654a
     0 | D:1      | 0 ||| qw: Game counter: 1102
     0 | D:1      | 0 ||| qw: Melee chars always use a shield: true
     0 | D:1      | 0 ||| qw: God list: Okawaru
     0 | D:1      | 0 ||| qw: Allow faded altars: false
     0 | D:1      | 0 ||| qw: Do Orc after clearing Dungeon:15 true
     0 | D:1      | 0 ||| qw: Do second Lair branch before Depths: true
     0 | D:1      | 0 ||| qw: Lair rune preference: random
     0 | D:1      | 0 ||| qw: Goals: Normal
     0 | D:1      | 0 ||| PLANNING D:1-11
    44 | D:1      | Reached XP level 2. HP: 6/16 MP: 3/3
   234 | D:1      | Reached skill level 3 in Ranged Weapons
   379 | D:1      | 379 ||| READING scroll labelled USILUNG ZO USOTUNY.
   384 | D:1      | 384 ||| READING scroll labelled VISTUC NO AWIZ.
   385 | D:1      | 385 ||| READING scroll labelled REUMAFUSIU.
   386 | D:1      | 386 ||| READING scroll labelled GIFEAT UROC.
   387 | D:1      | 387 ||| READING scroll labelled CIP MASCHUATIO.
   388 | D:1      | 388 ||| DROPPING scroll of poison.
   416 | D:2      | Reached XP level 3. HP: 21/21 MP: 4/4
   445 | D:2      | Found a sparkling altar of Nemelex Xobeh.
   486 | D:2      | 486 ||| FLEEEEING.
   490 | D:2      | 490 ||| FLEEEEING.
   491 | D:2      | 491 ||| FLEEEEING.
   492 | D:2      | 492 ||| FLEEEEING.
   493 | D:2      | 493 ||| FLEEEEING.
   494 | D:2      | 494 ||| FLEEEEING.
   495 | D:2      | 495 ||| FLEEEEING.
   496 | D:2      | 496 ||| FLEEEEING.
   497 | D:2      | 497 ||| FLEEEEING.
   498 | D:2      | 498 ||| FLEEEEING.
   499 | D:2      | 499 ||| FLEEEEING.
   500 | D:2      | 500 ||| FLEEEEING.
   501 | D:2      | 501 ||| FLEEEEING.
   502 | D:2      | 502 ||| FLEEEEING.
   508 | D:2      | 508 ||| FLEEEEING.
   509 | D:2      | 509 ||| FLEEEEING.
   510 | D:2      | 510 ||| FLEEEEING.
   511 | D:2      | 511 ||| FLEEEEING.
   513 | D:2      | 513 ||| FLEEEEING.
   514 | D:2      | 514 ||| FLEEEEING.
   515 | D:2      | 515 ||| FLEEEEING.
   516 | D:2      | 516 ||| FLEEEEING.
   517 | D:2      | 517 ||| FLEEEEING.
   518 | D:2      | 518 ||| FLEEEEING.
   519 | D:2      | 519 ||| FLEEEEING.
   520 | D:2      | 520 ||| FLEEEEING.
   521 | D:2      | 521 ||| FLEEEEING.
   522 | D:2      | 522 ||| FLEEEEING.
   525 | D:2      | 525 ||| STAIRDANCE
   543 | D:1      | 543 ||| UPGRADING to +0 leather armour.
   553 | D:1      | 553 ||| DROPPING +0 robe.
   804 | D:2      | Identified the +0 leather armour of Crawling {rF+}
   838 | D:2      | Reached XP level 4. HP: 26/26 MP: 5/5
   876 | D:2      | 876 ||| UPGRADING to +0 ring mail.
   886 | D:2      | 886 ||| DROPPING +0 leather armour.
   887 | D:2      | 887 ||| UPGRADING to +0 leather armour of Crawling {rF+}.
   897 | D:2      | 897 ||| READING 2 scrolls labelled ECOAHIR RAFRIA.
   898 | D:2      | 898 ||| READING scroll labelled IZUMOSK ULYP.
   899 | D:2      | 899 ||| DROPPING scroll of revelation.
   982 | D:3      | Reached skill level 4 in Ranged Weapons
  1080 | D:3      | Noticed Terence
  1081 | D:3      | 1081 ||| FLEEEEING.
  1082 | D:3      | 1082 ||| STAIRDANCE
  1184 | D:2      | 1184 ||| UPGRADING to +4 ring of protection.
  1190 | D:3      | 1190 ||| STAIRDANCE
  1202 | D:2      | HP: 4/26 [Terence/+0 hand axe (11)]
  1212 | D:2      | Slain by Terence

Levels and vault maps discovered:
D:1:      saegor_arrival_simple_a, layout_rooms, dreamdust_princess_corridor
D:2:      layout_rooms, basic_altar, serial_park_tiny_1, grunt_ministairs_6
D:3:      layout_loops_corners, minmay_quantized, uniq_terence

Skill      XL: |  1  2  3  4 |
---------------+-------------+-----
Ranged Weapons | 3 4 |  4.1
Fighting       | 2 |  2.0
Dodging        | |  1.5
Spellcasting   | |  1.0
Hexes          | |  2.6

Action                     |  1- 3 |  4- 6 || total
---------------------------+-------+-------++-------
  Melee: Unarmed           |       |    21 ||    21
   Fire: Sling             |   100 |    34 ||   134
    Use: Scroll            |     5 |     2 ||     7
 Armour: Robe              |    11 |       ||    11
         Leather armour    |     2 |     4 ||     6
  Dodge: Dodged            |    27 |    24 ||    51

Table legend:
 A = Non-vault XP
 B = Vault XP
 C = Vault XP percentage of total XP
 D = Non-vault monster count
 E = Vault monster count
 F = Vault count percentage of total count
                 A         B        C        D         E       F
            +---------+---------+-------+---------+---------+-------
      Total |     106 |       4 |   3.6 |      46 |       2 |   4.2
            +---------+---------+-------+---------+---------+-------
        D:1 |      28 |       0 |   0.0 |      18 |       0 |   0.0
        D:2 |      50 |       4 |   7.4 |      16 |       2 |  11.1
        D:3 |      28 |       0 |   0.0 |      12 |       0 |   0.0
            +---------+---------+-------+---------+---------+-------
